 Dungeon Crawl Stone Soup version 0.29.1-debian-4-g95531337e3 (webtiles) character file.

Game seed: 6691352095857918338

10953 Malachi the Nimble (level 11, -15/84 HPs)
             Began as a Gnoll Hexslinger on Sept 12, 2022.
             Was an Elder of Fedhas.
             Demolished by a freezing wraith (22 damage)
             ... on level 9 of the Dungeon.
             The game lasted 00:24:20 (17120 turns).

Malachi the Nimble (Gnoll Hexslinger)              Turns: 17120, Time: 00:24:21

Health: -15/84     AC:  8    Str: 10    XL:     11   Next: 70%
Magic:  0/31       EV: 16    Int: 13    God:    Fedhas [****..]
Gold:   568        SH:  6    Dex: 16    Spells: 18/24 levels left

rFire   . . .      SeeInvis +   E - +2 falchion (holy)
rCold   . . .      Faith    .   n - +0 buckler
rNeg    . . .      Spirit   +   o - +2 robe of the Ditch-Digger {rElec SInv}
rPois   .          Reflect  .   x - +0 helmet
rElec   +          Harm     .   (no cloak)
rCorr   .          Rampage  .   (no gloves)
Will    +....                   p - +1 pair of boots
Stlth   +++.......              g - amulet of guardian spirit
HPRegen 0.24/turn               d - ring of willpower
MPRegen 0.22/turn               w - ring of magical power

@: slowed, very slow
A: fangs 1, strong nose, distributed training
a: Renounce Religion, Wall of Briars, Grow Ballistomycete, Overgrow


You were on level 9 of the Dungeon.
You worshipped Fedhas.
Fedhas was greatly pleased with you.
You visited 3 branches of the dungeon, and saw 11 of its levels.
You also visited: Bailey.

You collected 568 gold pieces.

Inventory:

Hand Weapons
 a - a +1 sling of freezing
 u - a +1 dagger of pain
 C - a +1 rapier of draining
 E - a +2 falchion of holy wrath (weapon)
Missiles
 r - 11 boomerangs (quivered)
 t - 17 poisoned darts
 v - 2 boomerangs of dispersal
 I - a throwing net
Armour
 j - the +0 kite shield "Ychosel" {*Corrode Fly rPois Will-}
   (You found it in a bailey)

   rPois:     It protects you from poison.
   Fly:       It grants you flight.
   *Corrode:  It may corrode you when you take damage.
   Will:      It decreases your willpower.
 n - a +0 buckler (worn)
 o - the +2 robe of the Ditch-Digger (worn) {rElec SInv}
   (You found it on level 7 of the Dungeon)

   rElec:     It insulates you from electricity.
   SInv:      It lets you see invisible.
 p - a +1 pair of boots (worn)
 x - a +0 helmet (worn)
Jewellery
 d - a ring of willpower (left hand)
 f - a +6 ring of dexterity
 g - an amulet of guardian spirit (around neck)
 s - an amulet of faith
 w - a ring of magical power (right hand)
 H - a ring of ice
 M - the ring of the Grey Skies {*Slow Fly rPois Str+6 Stlth+}
   (You found it on level 9 of the Dungeon)

   [ring of flight]

   Str:       It affects your strength (+6).
   rPois:     It protects you from poison.
   Fly:       It grants you flight.
   *Slow:     It may slow you when you take damage.
   Stlth:     It makes you more stealthy.
Wands
 q - a wand of paralysis (8)
 y - a wand of light (2)
 B - a wand of roots (6)
 F - a wand of mindburst (3)
 L - a wand of flame (10)
Scrolls
 b - 2 scrolls of poison
 h - 3 scrolls of vulnerability
 i - 3 scrolls of amnesia
 D - 2 scrolls of teleportation
 G - a scroll of brand weapon
 K - a scroll of identify
Potions
 c - a potion of berserk rage
 e - 5 potions of lignification
 k - a potion of magic {unknown}
 l - 3 potions of heal wounds
 m - 5 potions of attraction {unknown}
 z - 2 potions of resistance {unknown}
 A - a potion of cancellation {unknown}
 J - a potion of degeneration {unknown}


   Skills:
 + Level 7.3 Fighting
 + Level 6.8 Short Blades
 + Level 6.8 Long Blades
 + Level 6.8 Axes
 + Level 6.8 Maces & Flails
 + Level 6.8 Polearms
 + Level 6.8 Staves
 + Level 8.3 Ranged Weapons
 + Level 6.8 Throwing
 + Level 6.8 Armour
 + Level 8.3 Dodging
 + Level 6.8 Stealth
 + Level 6.8 Shields
 + Level 6.8 Unarmed Combat
 + Level 7.4 Spellcasting
 + Level 5.6 Conjurations
 + Level 7.9 Hexes
 + Level 5.6 Summonings
 + Level 5.6 Necromancy
 + Level 5.6 Translocations
 + Level 5.6 Transmutations
 + Level 5.6 Fire Magic
 + Level 5.6 Ice Magic
 + Level 5.6 Air Magic
 + Level 5.6 Earth Magic
 + Level 5.6 Poison Magic
 + Level 7.4 Invocations
 + Level 6.8 Evocations


You had 18 spell levels left.
You knew the following spells:

 Your Spells              Type           Power      Damage    Failure   Level
a - Slow                  Hex            100%       N/A       1%          1
b - Inner Flame           Hex/Fire       22%        N/A       3%          3
c - Cigotuvi's Dreadful   Necr/Pois/Air  38%        N/A       2%          2

Your spell library contained the following spells:

 Spells                   Type           Power      Damage    Failure   Level
 Tukima's Dance           Hex            25%        N/A       1%          3
 Poisonous Vapours        Pois/Air       38%        N/A       2%          2
 Sublimation of Blood     Necr           19%        N/A       2%          2
 Portal Projectile        Hex/Tloc       44%        N/A       3%          3
 Cause Fear               Hex            12%        N/A       7%          4
 Petrify                  Tmut/Erth      19%        N/A       19%         4
 Blade Hands              Tmut           9%         N/A       45%         5
 Fireball                 Conj/Fire      9%         3d6       45%         5
 Irradiate                Conj/Tmut      9%         3d14      45%         5
 Dispersal                Tloc           9%         N/A       95%         6
 Starburst                Conj/Fire      9%         6d5       95%         6
 Disjunction              Tloc           9%         N/A       100%        8
 Ignition                 Fire           9%         3d5       100%        8


Dungeon Overview and Level Annotations

Branches:
Dungeon (9/15)             Temple (1/1) D:4            Lair (1/5) D:8
 Bailey (visited)
    Orc: D:9-12

Altars:
Ashenzari
Cheibriados
Dithmenos
Elyvilon
Fedhas
Gozag
Hepliaklqana
Kikubaaqudgha
Makhleb
Nemelex Xobeh
Okawaru
Qazlal
Ru
Sif Muna
Trog
Vehumet
Wu Jian
Xom
Yredelemnul
Zin
The Shining One

Annotations:
D:9 Nedwor's ghost, novice DsGl


Innate Abilities, Weirdness & Mutations

You have very sharp teeth.
Your uncanny sense of smell can sniff out nearby items.
Your experience applies equally to all skills.


Message History

The freezing wraith is lightly damaged.
The shadow hits your burning bush. x2; The freezing wraith hits you!
The freezing wraith freezes you!
* * * LOW HITPOINT WARNING * * *
The freezing wraith misses you.
Nedwor's ghost hits your burning bush but does no damage.
The shadow slips into darkness.
The shadow flickers and vanishes for a moment.
The freezing wraith completely misses you.
The freezing wraith hits you!
* * * LOW HITPOINT WARNING * * *
Your oklob sapling spits acid at the freezing wraith.
The splash of acid hits the freezing wraith.
The acid corrodes the freezing wraith!
You feel much better. The shadow hits your burning bush!
The shadow slips into darkness.
The shadow flickers and vanishes for a moment.
The freezing wraith closely misses you.
The freezing wraith completely misses you.
You slash the freezing wraith!
The freezing wraith convulses.
The freezing wraith is moderately damaged.
The shadow hits your burning bush. The freezing wraith barely misses you.
You block the freezing wraith's attack. Nedwor's ghost hits you.
* * * LOW HITPOINT WARNING * * *
You block the shadow's attack.
Unknown command.
You closely miss the freezing wraith. Your bite misses the freezing wraith.
The freezing wraith is moderately damaged.
The shadow hits your burning bush! The freezing wraith closely misses you.
The freezing wraith hits you!
* * * LOW HITPOINT WARNING * * *
The freezing wraith drains your vigour!
You feel yourself slow down. Nedwor's ghost completely misses you.
The shadow closely misses you.
You hit Nedwor's ghost but do no damage.
You bite Nedwor's ghost, but do no damage.
The shadow hits your burning bush. The freezing wraith hits you!
* * * LOW HITPOINT WARNING * * *
The freezing wraith freezes you!!
You die...
Fedhas appreciates your contribution to the ecosystem.

##############
###.[##..#.#.##.
##...#.##.#...<..
##....#..#.#......
###@........#....)..
#PWWW...............
########fP...............).
#.#.#.##W..................
#.....#....................
#8[...'.............~~~..))
#.!...'.............~≈~....
#8?...'.............~~~....
#.....#....................


You could see a freezing wraith (corroded, ally target), 2 shadows, Nedwor's
ghost, a friendly wandering mushroom (summoned), a friendly burning bush
(summoned) and a friendly oklob sapling (summoned).

Vanquished Creatures
  Pikel (D:7)
  An orc knight (Bailey)
  A manticore (D:8)
  Joseph (D:8)
  A rime drake (Lair:1)
  2 komodo dragons (Lair:1)
  3 trolls (D:9)
  A hornet (D:7)
  Sigmund (D:5)
  Eustachio (D:6)
  10 yaks
  A steam dragon (D:7)
  An acid dragon (D:8)
  2 water moccasins (Lair:1)
  An ice beast (D:8)
  8 orc warriors
  A black bear (D:5)
  3 ogres
  11 wolves (Lair:1)
  3 centaurs
  2 kobold brigands
  3 scorpions
  7 bullfrogs
  2 necrophages
  4 wights (D:6)
  An electric eel (D:9)
  7 orc priests
  2 gnoll boudas
  3 hounds
  2 jellies
  2 iguanas
  7 orc wizards
  15 gnolls
  7 adders
  4 shadow imps
  2 white imps (D:7)
  An ufetubus (D:4)
  2 worms (D:3)
  A dart slug (D:1)
  60 orcs
  10 endoplasms
  6 giant cockroaches
  8 hobgoblins
  7 jackals
  23 kobolds
  4 quokkas
  9 ball pythons
  12 bats
  A frilled lizard (D:2)
  9 goblins
  5 rats
282 creatures vanquished.

Vanquished Creatures (collateral kills)
  An orc knight (Bailey)
  A water moccasin (Lair:1)
  3 orc warriors
  4 killer bees (D:9)
  An orc wizard (D:9)
10 creatures vanquished.

Vanquished Creatures (others)
  An orc (D:7)
  2 fungi (Lair:1)
3 creatures vanquished.

Grand Total: 295 creatures vanquished

Notes
Turn   | Place    | Note
-------+----------+-------------------------------------------
     0 | D:1      | Malachi the Gnoll Hexslinger began the quest for the Orb.
     0 | D:1      | Reached XP level 1. HP: 17/17 MP: 4/4
   181 | D:1      | Found a faded altar of an unknown god.
   241 | D:1      | Reached XP level 2. HP: 15/23 MP: 5/5
   581 | D:1      | Reached XP level 3. HP: 28/28 MP: 7/7
   683 | D:1      | Reached skill level 1 in Invocations
  1050 | D:2      | Reached skill level 1 in Short Blades
  1050 | D:2      | Reached skill level 1 in Long Blades
  1050 | D:2      | Reached skill level 1 in Axes
  1050 | D:2      | Reached skill level 1 in Maces & Flails
  1050 | D:2      | Reached skill level 1 in Polearms
  1050 | D:2      | Reached skill level 1 in Staves
  1050 | D:2      | Reached skill level 1 in Throwing
  1050 | D:2      | Reached skill level 1 in Armour
  1050 | D:2      | Reached skill level 1 in Stealth
  1050 | D:2      | Reached skill level 1 in Shields
  1050 | D:2      | Reached skill level 1 in Unarmed Combat
  1050 | D:2      | Reached skill level 1 in Evocations
  1164 | D:2      | Reached XP level 4. HP: 34/34 MP: 8/8
  1345 | D:2      | Reached skill level 1 in Conjurations
  1345 | D:2      | Reached skill level 1 in Summonings
  1345 | D:2      | Reached skill level 1 in Necromancy
  1345 | D:2      | Reached skill level 1 in Translocations
  1345 | D:2      | Reached skill level 1 in Transmutations
  1345 | D:2      | Reached skill level 1 in Fire Magic
  1345 | D:2      | Reached skill level 1 in Ice Magic
  1345 | D:2      | Reached skill level 1 in Air Magic
  1345 | D:2      | Reached skill level 1 in Earth Magic
  1345 | D:2      | Reached skill level 1 in Poison Magic
  1892 | D:3      | Reached XP level 5. HP: 40/40 MP: 9/9
  2904 | D:3      | Learned a level 3 spell: Inner Flame
  3606 | D:4      | Reached XP level 6. HP: 47/47 MP: 11/11
  3630 | D:4      | Reached skill level 5 in Ranged Weapons
  3630 | D:4      | Reached skill level 5 in Dodging
  3828 | D:4      | Found a staircase to the Ecumenical Temple.
  3839 | Temple   | Entered the Ecumenical Temple
  4015 | Temple   | Became a worshipper of Fedhas Madash
  4661 | D:4      | Found a radiant altar of Vehumet.
  5152 | D:5      | Entered Level 5 of the Dungeon
  5165 | D:5      | Reached XP level 7. HP: 50/52 MP: 12/12
  5537 | D:5      | Reached * piety under Fedhas
  5932 | D:5      | HP: 3/78 [scorpion (1)]
  6630 | D:5      | Reached XP level 8. HP: 60/60 MP: 14/14
  6752 | D:5      | Noticed Sigmund
  6764 | D:5      | Killed Sigmund
  7633 | D:6      | Noticed Eustachio
  7649 | D:6      | Killed Eustachio
  7864 | D:6      | Reached XP level 9. HP: 18/66 MP: 9/16
  8391 | D:6      | Reached skill level 5 in Spellcasting
  8579 | D:6      | Reached ** piety under Fedhas
  8596 | D:6      | Reached skill level 5 in Fighting
  8886 | D:6      | Found a burning altar of Makhleb.
  8930 | D:7      | Learned a level 2 spell: Cigotuvi's Dreadful Rot
  9592 | D:7      | Noticed Pikel
  9601 | D:7      | Killed Pikel
  9602 | D:7      | Reached skill level 5 in Invocations
  9918 | D:7      | Identified the +2 robe of the Ditch-Digger {rElec SInv}
  9938 | D:7      | Noticed a hornet
  9957 | D:7      | Killed a hornet
 10719 | D:8      | Found a flagged portal.
 10741 | Bailey   | Entered a bailey
 11068 | Bailey   | Noticed an orc knight
 11068 | Bailey   | Noticed an orc knight
 11090 | Bailey   | Killed an orc knight
 11091 | Bailey   | Reached skill level 5 in Short Blades
 11091 | Bailey   | Reached skill level 5 in Long Blades
 11091 | Bailey   | Reached skill level 5 in Axes
 11091 | Bailey   | Reached skill level 5 in Maces & Flails
 11091 | Bailey   | Reached skill level 5 in Polearms
 11091 | Bailey   | Reached skill level 5 in Staves
 11091 | Bailey   | Reached skill level 5 in Throwing
 11091 | Bailey   | Reached skill level 5 in Armour
 11091 | Bailey   | Reached skill level 5 in Stealth
 11091 | Bailey   | Reached skill level 5 in Shields
 11091 | Bailey   | Reached skill level 5 in Unarmed Combat
 11091 | Bailey   | Reached skill level 5 in Evocations
 11091 | Bailey   | Reached XP level 10. HP: 75/76 MP: 18/18
 11112 | Bailey   | Killed an orc knight
 11702 | Bailey   | Identified the +0 kite shield "Ychosel" {*Corrode Fly rPois
                  | Will-}
 11729 | D:8      | Reached *** piety under Fedhas
 11788 | D:8      | Noticed a manticore
 12101 | D:8      | Killed a manticore
 12423 | D:8      | Found a staircase to the Lair.
 12798 | D:8      | Noticed Joseph
 12826 | D:8      | Killed Joseph
 13285 | Lair:1   | Entered Level 1 of the Lair of Beasts
 13828 | Lair:1   | Reached skill level 5 in Conjurations
 13828 | Lair:1   | Reached skill level 5 in Summonings
 13828 | Lair:1   | Reached skill level 5 in Necromancy
 13828 | Lair:1   | Reached skill level 5 in Translocations
 13828 | Lair:1   | Reached skill level 5 in Transmutations
 13828 | Lair:1   | Reached skill level 5 in Fire Magic
 13828 | Lair:1   | Reached skill level 5 in Ice Magic
 13828 | Lair:1   | Reached skill level 5 in Air Magic
 13828 | Lair:1   | Reached skill level 5 in Earth Magic
 13828 | Lair:1   | Reached skill level 5 in Poison Magic
 13833 | Lair:1   | Reached XP level 11. HP: 22/83 MP: 4/21
 14717 | Lair:1   | Identified the +0 pair of boots "Vynoatenn" {rF+ Will+}
 14802 | Lair:1   | Reached **** piety under Fedhas
 15361 | D:9      | Noticed a boulder beetle
 16659 | D:9      | Found a runed translucent gate.
 16676 | D:9      | Found a runed translucent gate.
 16676 | D:9      | Found a runed translucent gate.
 16994 | D:9      | Found a snail-covered altar of Cheibriados.
 17031 | D:9      | Identified the ring of the Grey Skies {*Slow Fly rPois
                  | Str+6 Stlth+}
 17069 | D:9      | Noticed Nedwor's ghost (novice DsGl)
 17120 | D:9      | Demolished by a freezing wraith

Illustrated notes

Levels and vault maps discovered:
D:1:      dpeg_arrival_triangle_fractal, layout_basic,
          chequers_ecumenical_altar_island
D:2:      layout_rooms
D:3:      layout_loops_cross
D:4:      layout_loops_cross, lemuel_round_altar, minmay_temple_entry_junction
D:5:      layout_basic, uniq_sigmund
D:6:      layout_cave_pools, makhleb_heckhound_becter, uniq_eustachio
D:7:      layout_basic, uniq_pikel
D:8:      layout_layer_cave, lair_entry_dummy, enter_bailey_2, uniq_joseph
D:9:      layout_big_octagon, nicolae_overflow_hidden_temple,
          gammafunk_ghost_spectres, corexii_checkpoint_a, lightli_corner_chamber
Temple:   regret_index_temple_chain_breaker
Lair:1:   layout_regular_city, grunt_megastairs_3

Skill      XL: |  1  2  3  4  5  6  7  8  9 10 11 |
---------------+----------------------------------+-----
Invocations    | 1 2 3 4 5 6 7 |  7.4
Short Blades   | 1 2 3 5 6 |  6.8
Long Blades    | 1 2 3 5 6 |  6.8
Axes           | 1 2 3 5 6 |  6.8
Maces & Flails | 1 2 3 5 6 |  6.8
Polearms       | 1 2 3 5 6 |  6.8
Staves         | 1 2 3 5 6 |  6.8
Throwing       | 1 2 3 5 6 |  6.8
Armour         | 1 2 3 5 6 |  6.8
Stealth        | 1 2 3 5 6 |  6.8
Shields        | 1 2 3 5 6 |  6.8
Unarmed Combat | 1 2 3 5 6 |  6.8
Evocations     | 1 2 3 5 6 |  6.8
Spellcasting   | 3 4 5 6 7 |  7.4
Conjurations   | 1 2 3 4 5 |  5.6
Summonings     | 1 2 3 4 5 |  5.6
Necromancy     | 1 2 3 4 5 |  5.6
Translocations | 1 2 3 4 5 |  5.6
Transmutations | 1 2 3 4 5 |  5.6
Fire Magic     | 1 2 3 4 5 |  5.6
Ice Magic      | 1 2 3 4 5 |  5.6
Air Magic      | 1 2 3 4 5 |  5.6
Earth Magic    | 1 2 3 4 5 |  5.6
Poison Magic   | 1 2 3 4 5 |  5.6
Fighting       | 3 4 5 6 7 |  7.3
Ranged Weapons | 5 6 7 8 |  8.3
Dodging        | 5 6 7 8 |  8.3
Hexes          | 6 7 |  7.9

Action                   |  1- 3 |  4- 6 |  7- 9 | 10-12 || total
-------------------------+-------+-------+-------+-------++-------
Melee: Whip              |       |     2 |       |       ||     2
       Dagger            |       |       |    53 |       ||    53
       Bite              |       |       |     7 |    39 ||    46
       Rapier            |       |       |    21 |   278 ||   299
       Falchion          |       |       |       |     8 ||     8
 Fire: Sling             |   114 |   284 |   426 |   301 ||  1125
Throw: Boomerang         |       |       |       |    14 ||    14
 Cast: Slow              |       |     4 |       |       ||     4
       Cigotuvi's Dreadf |       |       |     1 |       ||     1
Invok: Wall of Briars    |       |       |       |     3 ||     3
       Overgrow          |       |       |       |     1 ||     1
Evoke: Wand              |       |       |     9 |     5 ||    14
  Use: Scroll            |     3 |     5 |     5 |     2 ||    15
       Potion            |       |       |     5 |     5 ||    10
 Stab: Invisible         |       |       |     2 |     2 ||     4
Armor: Robe              |    12 |     9 |     6 |   102 ||   129
       Leather armour    |       |     3 |    50 |       ||    53
       Skin              |       |       |    11 |       ||    11
Dodge: Dodged            |    47 |    80 |   204 |   398 ||   729
Block: Buckler           |       |    30 |    72 |   143 ||   245
